 Dungeon Crawl Stone Soup version 0.25-a0-860-gf695395b5c (webtiles) character file.

Game seed: 2467354973076227910, levelgen mode: classic

25 Amnesiac the Chiller (level 3, -3/26 HPs)
             Began as a Ghoul Ice Elementalist on Apr 29, 2020.
             Was an Initiate of Vehumet.
             Slain by a bullfrog (7 damage)
             ... on level 6 of the Dungeon.
             The game lasted 00:02:54 (923 turns).

Amnesiac the Chiller (Ghoul Ice Elementalist)        Turns: 923, Time: 00:02:54

Health: -3/26      AC:  2    Str: 11    XL:     3   Next: 4%
Magic:  0/5        EV: 12    Int: 11    God:    Vehumet [......]
Gold:   36         SH:  0    Dex:  9    Spells: 2/6 levels left

rFire    . . .     SeeInvis .   d - +0 rapier
rCold    + . .     Gourm    .   (no shield)
rNeg     + + +     Faith    .   a - +0 robe
rPois    ∞         Spirit   .   (no helmet)
rElec    .         Reflect  .   (no cloak)
rCorr    .         Harm     .   (no gloves)
MR       .....                  (no boots)
Stlth    ++........             (no amulet)
HPRegen  0.00/turn              (no ring)
MPRegen  0.09/turn              (no ring)

@: rotting
A: rotting body, claws 1, carnivore, cold resistance 1, negative energy
resistance 3, inhibited regeneration, torment resistance, unbreathing
a: Renounce Religion


You were on level 6 of the Dungeon.
You worshipped Vehumet.
Vehumet was noncommittal.
You were not hungry.

You visited 2 branches of the dungeon, and saw 7 of its levels.

You collected 36 gold pieces.

Inventory:

Hand Weapons
 d - a +0 rapier (weapon)
Armour
 a - a +0 robe (worn)
 b - a +2 kite shield
Scrolls
 f - a scroll of teleportation {!r, unknown}
 g - a scroll of fog {!r, unknown}
Potions
 e - a potion of stabbing {!q, unknown}
Comestibles
 c - 4 rations


   Skills:
 - Level 1.7 Dodging
 - Level 2.1 Stealth
 + Level 0.9 Shields
 + Level 2.1 Spellcasting
 * Level 4.9 Ice Magic


You had 2 spell levels left.
You knew the following spells:

 Your Spells              Type           Power        Failure   Level  Hunger
a - Freeze                Ice            ##..         3%          1    ##.....
b - Frozen Ramparts       Ice            ##....       12%         3    ####...

Your spell library contained the following spells:

 Spells                   Type           Power        Failure   Level  Hunger
 Ozocubu's Armour         Chrm/Ice       #.......     30%         3    ####...
 Hailstorm                Conj/Ice       #.......     71%         4    #####..
 Summon Ice Beast         Ice/Summ       #.......     71%         4    #####..


Dungeon Overview and Level Annotations

Branches:
Dungeon (6/15)             Temple (1/1) D:5

Altars:
Ashenzari
Cheibriados
Dithmenos
Fedhas
Gozag
Hepliaklqana
Kikubaaqudgha
Qazlal
Ru
Sif Muna
Vehumet
Xom
Yredelemnul
Zin
The Shining One

Annotations:
D:5 1 runed translucent door, Kohru's ghost, novice CeHu; Sigmund


Innate Abilities, Weirdness & Mutations

Your body is rotting away.
You thrive on raw meat.
You are immune to poison.
You have sharp fingernails.
You are carnivorous and can eat meat at any time.
Your flesh is cold resistant. (rC+)
You are immune to negative energy. (rN+++)
You do not regenerate when monsters are visible.
You are immune to unholy pain and torment.
You can survive without breathing.


Message History

(D) Dungeon (T) Temple
Where to? (Enter - Temple @ (x,y), ? - help)
What level of the Dungeon? (default 5, ? - help)
There is a blossoming altar of Fedhas here.
There is a staircase back to the Dungeon here.
You climb upwards.
Welcome back to the Dungeon!
Level annotation: 1 runed translucent door, Kohru's ghost, novice CeHu; Sigmund
There is a staircase to the Ecumenical Temple here.
There is a stone staircase leading down here.
You climb downwards.
A bullfrog comes into view.
Found an escape hatch in the ceiling.
There is a stone staircase leading up here.
Adjust (i)tems, (s)pells, or (a)bilities?
Adjust which spell?
Okay, then.
The bullfrog croaks.
Found 8 gold pieces.
Casting: Freeze (safe; 3% risk of failure)
Confirm with . or Enter, or press ? or * to list all spells.
The walls around you are covered in ice.
The wall freezes the bullfrog.
The bullfrog hits you.
The wall freezes the bullfrog.
The bullfrog seems to slow down.
The bullfrog barely misses you.
Casting: Frozen Ramparts (mildly dangerous; 12% risk of failure)
Confirm with . or Enter, or press ? or * to list all spells.
Aiming: Freeze (safe; 3% risk of failure)
Press: ? - help, Shift-Dir - straight line, f - bullfrog
Aim: a bullfrog (lightly wounded, slow)
You freeze the bullfrog.
The bullfrog is moderately wounded.
The wall freezes the bullfrog.
The bullfrog seems to slow down.
The bullfrog hits you but does no damage.
Casting: Freeze (safe; 3% risk of failure)
Confirm with . or Enter, or press ? or * to list all spells.
Aiming: Freeze (safe; 3% risk of failure)
Press: ? - help, Shift-Dir - straight line, f/p - bullfrog
Aim: a bullfrog (heavily wounded, slow)
You freeze the bullfrog.
The bullfrog is heavily wounded.
The wall freezes the bullfrog.
The bullfrog misses you.
Casting: Freeze (safe; 3% risk of failure)
Confirm with . or Enter, or press ? or * to list all spells.
You don't have enough magic to cast that spell.
You barely miss the bullfrog.
The bullfrog is severely wounded.
The wall freezes the bullfrog.
The bullfrog seems to slow down.
The bullfrog closely misses you.
You barely miss the bullfrog.
The bullfrog is severely wounded.
The wall freezes the bullfrog.
The bullfrog hits you.
You closely miss the bullfrog.
The bullfrog is severely wounded.
The wall freezes the bullfrog.
The bullfrog hits you!
* * * LOW HITPOINT WARNING * * *
You miss the bullfrog.
The bullfrog is almost dead.
The frozen ramparts melt away.
The bullfrog closely misses you.
You closely miss the bullfrog.
The bullfrog is almost dead.
The bullfrog hits you!
* * * LOW HITPOINT WARNING * * *
The bullfrog hits you!
You die...

#... #..#
# #..# #
#.#..#.#
##.#..#.#
#.......#
####.<..#
#..F..#.#
##@#.<# #
#.#..#
#.#..#
#$#..#
#.#..#
#.#..#
#.#..#
#.#


You could see a bullfrog.

Vanquished Creatures
  A howler monkey skeleton (D:5)
  An adder (D:4)
  A leopard gecko (D:1)
  A bat (D:3)
  A ball python (D:1)
  2 frilled lizards (D:1)
  A kobold (D:1)
8 creatures vanquished.

Notes
Turn   | Place    | Note
-------+----------+-------------------------------------------
     0 | D:1      | Amnesiac the Ghoul Ice Elementalist began the quest for the
                  | Orb.
     0 | D:1      | Reached XP level 1. HP: 14/14 MP: 2/2
   538 | D:3      | Noticed an ogre
   565 | D:4      | Noticed a hound
   569 | D:4      | Reached XP level 2. HP: 7/20 MP: 0/4
   580 | D:4      | Noticed an ogre
   583 | D:5      | Entered Level 5 of the Dungeon
   583 | D:5      | Found a staircase to the Ecumenical Temple.
   798 | D:5      | Found a runed translucent door.
   801 | D:5      | Noticed Kohru's ghost (novice CeHu)
   819 | D:5      | Reached XP level 3. HP: 20/26 MP: 5/5
   824 | D:5      | Learned a level 3 spell: Frozen Ramparts
   830 | D:5      | Noticed Sigmund
   835 | Temple   | Entered the Ecumenical Temple
   886 | Temple   | Became a worshipper of Vehumet
   912 | D:6      | Noticed a bullfrog
   923 | D:6      | Slain by a bullfrog

Levels and vault maps discovered:
D:1:      lightli_arrival_farm, layout_basic
D:2:      layout_basic, lemuel_crystal_altar, fountainhead
D:3:      minmay_angry_zag, layout_loops_corners, first_ration, uniq_ijyb
D:4:      layout_rooms, kennysheep_mini_moat, overflow_temple_1_default,
          nicolae_ru_path_of_blood
D:5:      layout_rooms, eat_drink_and_be_merry_uskayaw, elyvilon_altar_3,
          minmay_temple_entry_trees, hellmonk_ghost_happy_afterlife,
          kennysheep_pointless_box, uniq_sigmund
D:6:      corexii_shantytown, layout_basic, okawaru_ov_weapons_minmay,
          serial_shops, shop, nicolae_shop_waterfront, shop, shop,
          shop_fountains, uniq_prince_ribbit1
Temple:   eino_wide_crystal_templ

Skill      XL: |  1 |
---------------+----+-----
Spellcasting   | 2 |  2.1
Dodging        | |  1.7
Stealth        | |  2.1
Shields        | |  0.9
Ice Magic      | |  4.9

Action                   || total
-------------------------++-------
Melee: Unarmed           ||    15
       Rapier            ||    12
 Cast: Freeze            ||    12
       Frozen Ramparts   ||     1
  Eat: Chunk             ||     1
Armor: Robe              ||     7
Dodge: Dodged            ||    27

Table legend:
 A = Non-vault XP
 B = Vault XP
 C = Vault XP percentage of total XP
 D = Non-vault monster count
 E = Vault monster count
 F = Vault count percentage of total count
                 A         B        C        D         E       F
            +---------+---------+-------+---------+---------+-------
      Total |      36 |       0 |   0.0 |       8 |       0 |   0.0
            +---------+---------+-------+---------+---------+-------
        D:1 |       7 |       0 |   0.0 |       5 |       0 |   0.0
        D:3 |       2 |       0 |   0.0 |       1 |       0 |   0.0
        D:4 |      13 |       0 |   0.0 |       1 |       0 |   0.0
        D:5 |      14 |       0 |   0.0 |       1 |       0 |   0.0
            +---------+---------+-------+---------+---------+-------
